 Dungeon Crawl Stone Soup version 0.28.0-43-g3370ac3207 (webtiles) character file.

Game seed: 7728852376016476861

70 safid the Skirmisher (level 4, -2/40 HPs)
             Began as a Hill Orc Fighter on Mar 23, 2022.
             Killed from afar by an orc wizard (6 damage)
             ... with a puff of flame
             ... on level 3 of the Dungeon.
             The game lasted 00:02:16 (1732 turns).

safid the Skirmisher (Hill Orc Fighter)             Turns: 1732, Time: 00:02:17

Health: -2/40      AC:  7    Str: 20    XL:     4   Next: 22%
Magic:  4/4        EV:  9    Int:  8    God:
Gold:   99         SH:  4    Dex: 10    Spells: 3/3 levels left

rFire   . . .      SeeInvis .   a - +0 war axe
rCold   . . .      Faith    .   c - +0 buckler
rNeg    . . .      Spirit   .   b - +0 scale mail
rPois   .          Reflect  .   (no helmet)
rElec   .          Harm     .   (no cloak)
rCorr   .          Rampage  .   (no gloves)
Will    .....                   (no boots)
Stlth   ..........              (no amulet)
HPRegen 0.13/turn               (no ring)
MPRegen 0.09/turn               (no ring)

@: no status effects
A: no striking features
a: no special abilities


You were on level 3 of the Dungeon.
You visited 1 branch of the dungeon, and saw 3 of its levels.

You collected 99 gold pieces.

Inventory:

Hand Weapons
 a - a +0 war axe (weapon)
Armour
 b - a +0 scale mail (worn)
 c - a +0 buckler (worn)
Scrolls
 f - a scroll of noise {unknown}
 h - a scroll of teleportation {unknown}
 i - a scroll of fear {unknown}
Potions
 d - a potion of might
 e - 2 potions of degeneration {unknown}
 g - a potion of curing {unknown}


   Skills:
 - Level 4.0 Fighting
 + Level 4.0 Axes
 - Level 4.0 Armour
 - Level 4.0 Shields


You had 3 spell levels left.
You didn't know any spells.
Your spell library was empty.

Dungeon Overview and Level Annotations

Branches:
Dungeon (3/15)

Altars:


Message History

No target in view!
No target in view!
No target in view!
No target in view!
No target in view!
No target in view!
No target in view!
No target in view!
No target in view!
No target in view!
No target in view!
No target in view!
No target in view!
No target in view!
No target in view!
You miss something.
Something hits you but does no damage. x2
You closely miss something. Something hits you.
You miss something. You block something's attack.
You miss something. Something hits you but does no damage.
You hear some strange, mumbled words.
Something tries to affect you, but you resist.
You closely miss something. Something hits you.
You barely miss something. Something hits you but does no damage.
You closely miss something. Something hits you.
Something hits you but does no damage.
You closely miss something. Something hits you but does no damage.
You closely miss something.
You hear some strange, mumbled words.
A puff of flame appears from out of thin air!
The puff of flame hits you!
* * * LOW HITPOINT WARNING * * *
You hit something. Something hits you but does no damage. Something hits you.
* * * LOW HITPOINT WARNING * * *
You miss something. You block something's attack.
You barely miss something. Something hits you but does no damage.
You closely miss something.
You hear some strange, mumbled words.
A puff of flame appears from out of thin air!
The puff of flame hits you.
You die...

#........##.#.#.###
........#..........#
##..#......#.#...###
..<#^.....#.###.#
...#...####.# #.#
...... ..#.# #.#
......##.#.# #.#
......{).#.# #.#
......)@.).###.#
......)........#
......#....#####
...........#
##.....##..# .......
#..# ..#.... ..>#
#......###.# .....
#.#


There were no monsters in sight!

Vanquished Creatures
  2 adders
  4 orcs (D:3)
  2 giant cockroaches (D:1)
  3 goblins (D:1)
  6 hobgoblins
  4 jackals
  A quokka (D:1)
  3 ball pythons
  5 bats
  5 frilled lizards
  6 kobolds
  5 rats
46 creatures vanquished.

Notes
Turn   | Place    | Note
-------+----------+-------------------------------------------
     0 | D:1      | safid the Hill Orc Fighter began the quest for the Orb.
     0 | D:1      | Reached XP level 1. HP: 19/19 MP: 1/1
   281 | D:1      | Reached XP level 2. HP: 27/27 MP: 2/2
   624 | D:1      | Reached XP level 3. HP: 26/33 MP: 3/3
  1304 | D:2      | Noticed a great orb of eyes
  1309 | D:2      | Noticed a floating eye
  1311 | D:2      | Found a faded altar of an unknown god.
  1312 | D:2      | Noticed an eye of devastation
  1312 | D:2      | Noticed an eye of devastation
  1665 | D:3      | Reached XP level 4. HP: 39/40 MP: 4/4
  1732 | D:3      | Killed from afar by an orc wizard

Illustrated notes

Levels and vault maps discovered:
D:1:      dpeg_arrival_chambers_temple_mockup, layout_loops_ring,
          serial_park_tiny_2, st_stairs_11
D:2:      layout_rooms, hellmonk_ecumenical_altar_watching_god,
          minmay_pentomino_t4
D:3:      layout_basic, dk_noncrumbling_4, uniq_grinder

Skill      XL: |  1  2  3  4 |
---------------+-------------+-----
Axes           | 3 4 |  4.0
Fighting       | 4 |  4.0
Shields        | 4 |  4.0
Armour         | 4 |  4.0

Action                   |  1- 3 |  4- 6 || total
-------------------------+-------+-------++-------
Melee: War axe           |   128 |    26 ||   154
Armor: Scale mail        |    69 |    19 ||    88
Dodge: Dodged            |    60 |     7 ||    67
Block: Buckler           |    30 |    10 ||    40
